 Dungeon Crawl Stone Soup version 0.31-a0-232-gb1c03b2570 (webtiles) character file.

Game seed: 6925486159474153953

34 qw the Shooter (level 3, -6/29 HPs)
             Began as a Minotaur Hexslinger on July 7, 2023.
             Mangled by a gnoll
             ... wielding a +0 flail
              (9 damage)
             ... on level 1 of the Dungeon.
             The game lasted 00:00:21 (1123 turns).

qw the Shooter (Minotaur Hexslinger)                Turns: 1123, Time: 00:00:21

Health: -6/29      AC:  3    Str: 12    XL:     3   Next: 14%
Magic:  3/3        EV: 12    Int: 10    God:
Gold:   40         SH:  0    Dex: 14    Spells: 3/4 levels left

rFire   . . .        Y - +1 sling
rCold   . . .        (no shield)
rNeg    . . .        d - +0 leather armour
rPois   .            (helmet restricted)
rElec   .            (no cloak)
rCorr   .            (no gloves)
SInv    .            (no boots)
Will    .....        (no amulet)
Stlth   +            (no ring)
HPRegen 0.24/turn    (no ring)
MPRegen 0.08/turn

%: no passive effects
@: no status effects
A: horns 2, retaliatory headbutt
a: no special abilities


You were on level 1 of the Dungeon.
You visited 1 branch of the dungeon, and saw 2 of its levels.

You collected 40 gold pieces.


Innate Abilities, Weirdness & Mutations

You have a pair of horns on your head.
You reflexively headbutt those who attack you in melee.


   Skills:
 - Level 2.0 Fighting
 + Level 3.7 Ranged Weapons
 - Level 2.1 Dodging
 - Level 1.0 Spellcasting
 - Level 2.0 Hexes


You had 3 spell levels left.
You knew the following spells:

 Your Spells              Type           Power      Damage    Failure   Level
a - Slow                  Hex            16%        N/A       19%         1

Your spell library contained the following spells:

 Spells                   Type           Power      Damage    Failure   Level
 Inner Flame              Hex/Fire       2%         N/A       65%         3
 Portal Projectile        Hex/Tloc       4%         N/A       65%         3
 Cause Fear               Hex            2%         N/A       88%         4

Inventory:

Hand Weapons
 Y - a +1 sling (weapon)
Armour
 d - a +0 leather armour (worn)
Potions
 e - a potion of curing
 h - a potion of enlightenment {unknown}

Dungeon Overview and Level Annotations

Branches:
Dungeon (2/15)

Altars:


Message History

The orc barely misses you.
There is a stone staircase leading up here.
There are monsters nearby!
You shoot a sling bullet. The sling bullet barely misses the orc.
The orc hits you with a +0 dagger.
You shoot a sling bullet.
The sling bullet hits the orc but does no damage.
The orc barely misses you.
You shoot a sling bullet. The sling bullet barely misses the orc.
The orc hits you with a +0 dagger.
You shoot a sling bullet.
The sling bullet hits the gnoll but does no damage.
The gnoll closely misses you. The gnoll hits you with a +0 flail!
The orc hits you with a +0 dagger.
1117 ||| STAIRDANCE The orc hits you with a +0 short sword.
The gnoll closely misses you. The orc hits you but does no damage.
You climb upwards.
Reactivating autopickup.
There is a stone staircase leading down here.
You shoot a sling bullet.
The sling bullet barely misses the gnoll.
The orc barely misses you. The orc closely misses you. You furiously retaliate!
You headbutt the orc. The gnoll hits you with a +0 flail.
You shoot a sling bullet.
The sling bullet closely misses the orc.
The orc hits you with a +0 short sword. The orc barely misses you.
The gnoll misses you. You furiously retaliate!
You headbutt the gnoll! You shoot a sling bullet.
The sling bullet hits the orc but does no damage.
The orc is almost dead.
The orc barely misses you. x2; The gnoll closely misses you.
You shoot a sling bullet. The sling bullet hits the orc.
You kill the orc!
The orc hits you with a +0 short sword. The gnoll hits you with a +0 flail!
The orc barely misses you. The gnoll barely misses you.
You shoot a sling bullet.
The sling bullet barely misses the gnoll.
The orc hits you but does no damage. The gnoll hits you with a +0 flail!
You die...

##################
#................#
#.##############'#### #.#
#.....######## #.#
#####............# #.#
#...'............# #>#
#.###............#
#.#########.#@o...#........#
#.#.........#g)##.#........#
#.#.........#..##.#........###
#.#........##...#.#........##.
#.#........##.#.......[.......
#.#........##.###.###....####.
#.#.............#.# #....# #.
#.#...........#.#.# #....# #.
#.########.##...#.###########.


You could see a gnoll and an orc.

Vanquished Creatures
  A dart slug (D:1)
  3 orcs
  3 ball pythons (D:1)
  7 endoplasms (D:1)
  A giant cockroach (D:1)
  A goblin (D:1)
  4 hobgoblins (D:1)
  A bat (D:1)
  A frilled lizard (D:1)
  A kobold (D:1)
  3 rats (D:1)
26 creatures vanquished.

Notes
Turn   | Place    | Note
-------+----------+-------------------------------------------
     0 | D:1      | qw the Minotaur Hexslinger began the quest for the Orb.
     0 | D:1      | Reached XP level 1. HP: 16/16 MP: 1/1
     0 | D:1      | 0 ||| qw: Version: 0.3-a-46-gb1f654a
     0 | D:1      | 0 ||| qw: Game counter: 2397
     0 | D:1      | 0 ||| qw: Melee chars always use a shield: true
     0 | D:1      | 0 ||| qw: God list: Okawaru
     0 | D:1      | 0 ||| qw: Allow faded altars: false
     0 | D:1      | 0 ||| qw: Do Orc after clearing Dungeon:15 true
     0 | D:1      | 0 ||| qw: Do second Lair branch before Depths: true
     0 | D:1      | 0 ||| qw: Lair rune preference: random
     0 | D:1      | 0 ||| qw: Goals: Normal
     0 | D:1      | 0 ||| PLANNING D:1-11
   113 | D:1      | HP: 4/16 [poisoned by a goblin]
   117 | D:1      | HP: 1/16 [poisoned by a goblin]
   126 | D:1      | 126 ||| FLEEEEING.
   207 | D:1      | Reached skill level 3 in Ranged Weapons
   230 | D:1      | Reached XP level 2. HP: 22/23 MP: 2/2
   947 | D:1      | 947 ||| UPGRADING to +0 leather armour.
   957 | D:1      | 957 ||| DROPPING +0 robe.
   958 | D:1      | 958 ||| READING scroll labelled WORRAX CETZU.
   959 | D:1      | 959 ||| READING scroll labelled VESKYE IGIS.
  1060 | D:1      | 1060 ||| READING scroll labelled OGENEPN UDOIF.
  1061 | D:1      | 1061 ||| DRINKING 3 orange potions.
  1062 | D:1      | 1062 ||| DROPPING scroll of poison.
  1086 | D:2      | 1086 ||| STAIRDANCE
  1107 | D:2      | Reached XP level 3. HP: 29/29 MP: 3/3
  1108 | D:2      | 1108 ||| STAIRDANCE
  1110 | D:1      | 1110 ||| DRINKING 2 potions of curing.
  1110 | D:1      | 1110 ||| (to cure confusion)
  1117 | D:2      | 1117 ||| STAIRDANCE
  1122 | D:1      | HP: 3/29 [gnoll/+0 flail (9)]
  1123 | D:1      | Mangled by a gnoll

Levels and vault maps discovered:
D:1:      elethiomel_arrival_quiet, layout_basic, hex_large, minmay_tetromino_t4
D:2:      layout_rooms, basic_altar, chequers_big_river,
          chequers_serial_rivers_micro_c, st_stairs_6

Skill      XL: |  1  2 |
---------------+-------+-----
Ranged Weapons | 3 |  3.7
Fighting       | 2 |  2.0
Dodging        | |  2.1
Spellcasting   | |  1.0
Hexes          | |  2.0

Action                     || total
---------------------------++-------
   Fire: Sling             ||    71
    Use: Scroll            ||     3
         Potion            ||     2
 Armour: Robe              ||     9
         Leather armour    ||     3
  Dodge: Dodged            ||    28

Table legend:
 A = Non-vault XP
 B = Vault XP
 C = Vault XP percentage of total XP
 D = Non-vault monster count
 E = Vault monster count
 F = Vault count percentage of total count
                 A         B        C        D         E       F
            +---------+---------+-------+---------+---------+-------
      Total |      44 |       5 |  10.2 |      23 |       3 |  11.5
            +---------+---------+-------+---------+---------+-------
        D:1 |      38 |       5 |  11.6 |      21 |       3 |  12.5
        D:2 |       6 |       0 |   0.0 |       2 |       0 |   0.0
            +---------+---------+-------+---------+---------+-------
